Map: Dusk Towers

Players

Gracz

  • Race: Terran Terran

WrathOfFlame - Winner!

  • Race: Terran Terran

VOD

Have the link to the VOD?

Description

Time

  • Played on: April 27, 2016, 10:28 a.m.
  • Length: 7:20
Show
View Real Time Build Order
Export as new Build Order

Gracz Terran 

Build Orders:  

Get SALT Encoding   

  12  0:02  SCV  
  13  0:38  Refinery  
  13  1:06  Command Center  
  13  2:18  SCV  
  14  2:24  Supply Depot  
  14  2:30  SCV  
  15  2:49  Barracks  
  15  2:52  SCV  
  15  2:54  Barracks  
  16  3:02  Barracks  
  16  3:04  SCV  
  17  3:13  Barracks  
  17  3:16  SCV  
  18  3:28  SCV  
  18  3:31  Supply Depot  
  19  3:40  SCV  
  19  3:58  Barracks Reactor  
  19  3:59  Refinery  
  19  4:13  Marine x2  
  19  4:14  Marine  
  19  4:25  SCV  
  20  4:31  Marine x3  
  22  4:49  Marine x3  
  23  4:54  Marine  
  23  4:55  Marine  
  21  5:07  Marine x3  
  21  5:12  Marine  
  21  5:13  Marine  
  25  5:24  Marine  
  25  5:25  Marine x2  
  26  5:30  Marine  
  26  5:31  Marine  
  25  5:42  Marine x2  
  23  5:43  Marine  
  23  5:48  Marine x2  
  28  6:00  Marine x3  
  31  6:29  Marine  
  18  6:42  Supply Depot  
Show
View Real Time Build Order
Export as new Build Order

WrathOfFlame Terran - Winner!

Build Orders:  

Get SALT Encoding   

  12  0:02  SCV  
  13  0:14  SCV  
  14  0:19  Supply Depot  
  14  0:26  SCV  
  15  0:41  SCV  
  16  0:44  Barracks  
  16  0:50  Refinery  
  16  0:53  SCV  
  17  1:08  Barracks  
  17  1:11  SCV  
  18  1:23  SCV  
  19  1:35  SCV  
  20  1:42  Supply Depot  
  20  1:44  Marine  
  21  1:48  SCV  
  22  2:00  SCV  
  23  2:01  Bunker  
  23  2:09  Barracks Reactor  
  23  2:10  Barracks Tech Lab  
  23  2:12  SCV  
  24  2:18  Refinery  
  24  2:28  Factory  
  24  2:31  Marine  
  24  2:35  Orbital Command  
  25  2:48  Marine x2  
  27  3:03  SCV  
  28  3:06  Marine  
  28  3:07  Marine  
  28  3:12  Marine  
  31  3:14  Factory Tech Lab  
  31  3:27  Starport  
  31  3:32  Marine x2  
  33  3:45  Marine  
  34  3:50  Marine x2  
  36  4:17  Marine x3  
  36  4:22  Command Center  
  39  4:34  Marine, Supply Depot, Viking  
  39  4:35  Marine  
  43  4:41  Marine  
  43  4:42  Stimpack  
  43  4:43  SCV  
  45  4:47  Starport  
  45  4:55  SCV  
  45  4:57  Refinery  
  46  5:07  SCV  
  46  5:13  Marine  
  46  5:14  Marine x2  
  49  5:33  Marine  
  49  5:34  Marine x2  
  49  5:40  SCV  
  49  5:41  SCV  
  48  5:51  Marine  
  48  5:52  Marine x2, Siege Tank  
  48  5:54  SCV x2  
  56  6:06  SCV x2  
  56  6:09  Marine  
  56  6:10  Marine x2  
  61  6:23  Starport Tech Lab x2  
  61  6:24  SCV x2  
  61  6:25  Siege Tank  
  62  6:36  Marine, SCV  
  62  6:37  Marine x2  
  68  6:52  Supply Depot x2  
  70  6:54  Marine x3, Supply Depot  
Tags
 
Add a new tag
Caveats
  • Supply blocks, unpowered buildings, or Contaminate may cause inaccurate times.
  • Supply counts are checked every 10 seconds.